 Dungeon Crawl Stone Soup version 0.27.1-4-g1640c2035a (webtiles) character file.

Game seed: 9315344866079596713

364 Crownlay the Digger (level 6, -5/32 HPs)
             Began as a Gargoyle Earth Elementalist on Nov 7, 2021.
             Slain by a wyvern (12 damage)
             ... on level 4 of the Dungeon.
             The game lasted 00:03:29 (3741 turns).

Crownlay the Digger (Gargoyle Earth Elementalist)   Turns: 3741, Time: 00:03:30

Health: -5/32      AC:  7    Str: 11    XL:     6   Next: 67%
Magic:  2/13       EV: 11    Int: 18    God:
Gold:   155        SH:  0    Dex: 10    Spells: 11/15 levels left

rFire    . . .     SeeInvis .   j - +3 whip (venom)
rCold    . . .     Faith    .   (no shield)
rNeg     + . .     Spirit   .   b - +0 robe
rPois    ∞         Reflect  .   n - +0 helmet
rElec    +         Harm     .   (no cloak)
rCorr    .         Rampage  .   (no gloves)
Will     .....                  (no boots)
Stlth    ++........             (no amulet)
HPRegen  0.10/turn              (no ring)
MPRegen  0.13/turn              (no ring)

@: no status effects
A: sickness immunity, AC +4, negative energy resistance 1, electricity
resistance, torment resistance 1, petrification resistance
a: no special abilities


You were on level 4 of the Dungeon.
You visited 1 branch of the dungeon, and saw 4 of its levels.

You collected 155 gold pieces.

Inventory:

Hand Weapons
 j - a +3 whip of venom (weapon)
Missiles
 c - 42 stones
Armour
 b - a +0 robe (worn)
 n - a +0 helmet (worn)
Scrolls
 d - a scroll of enchant armour {unknown}
 e - a scroll of noise {unknown}
 f - 2 scrolls of identify
 i - a scroll of enchant weapon {unknown}
 l - a scroll of magic mapping {unknown}
Potions
 a - a potion of heal wounds {unknown}
 g - a potion of lignification {unknown}
 h - a potion of flight {unknown}
 k - a potion of degeneration {unknown}
 m - 2 potions of mutation
 o - a potion of attraction {unknown}


   Skills:
 - Level 1.5 Dodging
 - Level 2.1 Stealth
 * Level 5.3 Spellcasting
 - Level 0.7 Transmutations
 + Level 5.7 Earth Magic


You had 11 spell levels left.
You knew the following spells:

 Your Spells              Type           Power      Damage    Failure   Level
a - Sandblast             Erth           50%        2d12      1%          1
b - Stone Arrow           Conj/Erth      30%        3d8       12%         3

Your spell library contained the following spells:

 Spells                   Type           Power      Damage    Failure   Level
 Passwall                 Tmut/Erth      13%        N/A       4%          2
 Shock                    Conj/Air       16%        1d4       13%         1
 Petrify                  Tmut/Erth      16%        N/A       32%         4
 Ignite Poison            Fire/Tmut/Pois 5%         N/A       34%         3
 Mephitic Cloud           Conj/Pois/Air  4%         N/A       36%         3
 Swiftness                Air            4%         N/A       36%         3
 Airstrike                Air            2%         N/A       78%         4
 Bolt of Magma            Conj/Fire/Erth 5%         4d5       85%         5


Dungeon Overview and Level Annotations

Branches:
Dungeon (4/15)             Temple (0/1) D:4

Altars:

Annotations:
D:3 1 runed translucent door, raph's ghost, amateur MfGl


Innate Abilities, Weirdness & Mutations

You are immune to sickness and miasma.
Your stone body is resilient. (AC +4)
You are immune to poison.
You resist negative energy. (rN+)
You are resistant to electric shocks. (rElec)
You are resistant to unholy torment.
You are immune to petrification.


Message History

The blast of sand misses the jackal.
The jackal closely misses you.
The blast of sand hits the jackal!
You kill the jackal!
You can't see any susceptible monsters within range! (Use Z to cast anyway.)
You pick up a book of Air and begin reading...
You add the spells Shock, Swiftness and Airstrike to your library.
An ogre comes into view. It is wielding a +0 giant spiked club.
The blast of sand hits the ogre!
The ogre is moderately wounded.
The ogre shouts!
The blast of sand misses the ogre.
A wyvern comes into view.
The blast of sand hits the ogre.
The ogre is heavily wounded.
The wyvern hisses angrily.
The ogre hits you with a +0 giant spiked club.
A hobgoblin comes into view.
The blast of sand hits the ogre!
The ogre is severely wounded.
The ogre misses you.
The blast of sand hits the ogre!!
You kill the ogre!
The blast of sand hits the wyvern.
The wyvern is lightly wounded.
The wyvern barely misses you. The wyvern closely misses you.
The blast of sand hits the wyvern!
The wyvern is moderately wounded.
The wyvern bites you!
The blast of sand misses the wyvern.
The blast of sand hits the hobgoblin!
You kill the hobgoblin!
The wyvern bites you but does no damage.
The wyvern hisses menacingly.
The wyvern bites you but does no damage.
The wyvern bites you!
You hit the wyvern but do no damage.
The wyvern is moderately wounded.
The wyvern bites you!
* * * LOW HITPOINT WARNING * * *
The wyvern bites you!
You die...

###### ............#
##......## ...........#######
##........##....##..)..#.....#
#..........#.# ##....)........
#.)..........# #....†.........
.)......>...# #..............
............# #..)...........
............####..<...........
............l@................
##...††#..#.#####.............
#....†.#...)# ##.....#.....#
#....#.#.#..# #############
#.....###....# ...# . ...#...
... #. ...#..... .#
##.>.#####.. ....


You could see a wyvern.

Vanquished Creatures
  A sky beast (D:3)
  An ogre (D:4)
  An orc wizard (D:3)
  Robin (D:3)
  A gnoll (D:1)
  3 adders
  2 worms
  2 dart slugs (D:2)
  5 orcs (D:3)
  2 bats (D:1)
  6 endoplasms
  A giant cockroach (D:3)
  18 goblins
  8 hobgoblins
  10 jackals
  11 kobolds
  A quokka (D:3)
  4 ball pythons
  6 frilled lizards
  8 rats
92 creatures vanquished.

Notes
Turn   | Place    | Note
-------+----------+-------------------------------------------
     0 | D:1      | Crownlay the Gargoyle Earth Elementalist began the quest
                  | for the Orb.
     0 | D:1      | Reached XP level 1. HP: 10/10 MP: 3/3
   215 | D:1      | Reached XP level 2. HP: 2/15 MP: 0/5
  1142 | D:1      | Reached XP level 3. HP: 19/19 MP: 0/7
  1690 | D:1      | Found a faded altar of an unknown god.
  1915 | D:2      | Reached XP level 4. HP: 24/24 MP: 5/9
  1976 | D:2      | Learned a level 3 spell: Stone Arrow
  2689 | D:3      | Noticed a sky beast
  2697 | D:3      | Killed a sky beast
  2698 | D:3      | Reached skill level 5 in Earth Magic
  2698 | D:3      | Reached XP level 5. HP: 28/28 MP: 2/11
  3006 | D:3      | Found a runed translucent door.
  3014 | D:3      | Noticed raph's ghost (amateur MfGl)
  3112 | D:3      | Noticed Robin
  3117 | D:3      | Reached XP level 6. HP: 32/32 MP: 10/13
  3129 | D:3      | Killed Robin
  3708 | D:4      | Found a staircase to the Ecumenical Temple.
  3718 | D:4      | Reached skill level 5 in Spellcasting
  3732 | D:4      | Noticed a wyvern
  3741 | D:4      | Slain by a wyvern

Illustrated notes

Levels and vault maps discovered:
D:1:      minmay_arrival_shattered_statue, layout_basic,
          shapermc_ecumenical_altar_mp_vishouse, minmay_misc_feat_tiny
D:2:      layout_basic, kennysheep_generic_room_8
D:3:      layout_rooms, ebering_ghost_sewer_d, uniq_robin
D:4:      layout_rooms, minmay_temple_entry_arrows,
          chequers_serial_rivers_small_3

Skill      XL: |  1  2  3  4  5  6 |
---------------+-------------------+-----
Earth Magic    | 4 5 |  5.7
Spellcasting   | 3 4 5 |  5.3
Dodging        | |  1.5
Stealth        | |  2.1
Transmutations | |  0.7

Action                   |  1- 3 |  4- 6 || total
-------------------------+-------+-------++-------
Melee: Dagger            |    68 |     2 ||    70
       Whip              |       |    33 ||    33
 Cast: Sandblast         |    31 |    66 ||    97
  Use: Scroll            |       |     1 ||     1
Armor: Robe              |    25 |    30 ||    55
Dodge: Dodged            |    48 |    39 ||    87
